[Event "FICS Team League T30"]
[Site "FICS, San Jose, California USA"]
[Date "2006.05.11"]
[Time "12:01:36"]
[Round "5"]
[White "twinders"]
[Black "TryAnything"]
[WhiteElo "1721"]
[BlackElo "1649"]
[TimeControl "2700+45"]
[Mode "ICS"]
[Result "0-1"]

1. d4 d5 2. c4 e5 3. dxe5 d4 4. Nf3 Nc6 5. e3 Bb4+ 6. Bd2 dxe3 7. fxe3 Bg4
8. Be2 Qd7 9. O-O O-O-O 10. Bxb4 Qxd1 11. Rxd1 Rxd1+ 12. Bxd1 Nxb4 13. Nc3
Ne7 14. Nd4 Bd7 15. Bb3 Nd3 16. e6 fxe6 17. Ba4 Nxb2 18. Bxd7+ Kxd7 19. c5
Nd3 20. Na4 Rf8 21. Rd1 Nf2 22. Nf3+ Nxd1
{White resigns} 0-1

[Event "FICS Team League T30"]
[Site "FICS, San Jose, California USA"]
[Date "2006.05.13"]
[Time "06:02:48"]
[Round "5"]
[White "Anagramm"]
[Black "dzonson"]
[WhiteElo "2004"]
[BlackElo "1838"]
[TimeControl "2700+45"]
[Mode "ICS"]
[Result "1-0"]

1. e4 d5 2. exd5 Nf6 3. d4 Nxd5 4. c4 Nf6 5. Nf3 Bg4 6. Be2 e6 7. O-O Be7
8. Nc3 O-O 9. Be3 Nbd7 10. h3 Bf5 11. Qb3 b6 12. Nh4 Be4 13. Nxe4 Nxe4 14. Nf3
Re8 15. Rad1 Bd6 16. Ne5 Bxe5 17. dxe5 Qe7 18. Bf3 Ndc5 19. Qc2 Ng5 20. Bxa8
Rxa8 21. Bxg5 Qxg5 22. b4 Nb7 23. Qe4 Rb8 24. Rd7 a5 25. h4 f5 26. Qxb7
{Black resigns} 1-0

[Event "FICS Team League T30"]
[Site "FICS, San Jose, California USA"]
[Date "2006.05.13"]
[Time "09:02:34"]
[Round "5"]
[White "ciedan"]
[Black "arus"]
[WhiteElo "1802"]
[BlackElo "1935"]
[TimeControl "2700+45"]
[Mode "ICS"]
[Result "1-0"]

1. d4 d5 2. c4 e6 3. Nc3 Nf6 4. cxd5 exd5 5. Bg5 Be7 6. e3 O-O 7. Bd3 h6
8. Bxf6 Bxf6 9. Nf3 Nc6 10. O-O a6 11. Rb1 Nb4 12. a3 Nxd3 13. Qxd3 g6 14. Qd2
Bf5 15. Rbc1 Bg7 16. b4 Re8 17. Na4 Qe7 18. Qc3 c6 19. Nc5 h5 20. a4 h4
21. h3 g5 22. Nh2 Rac8 23. Rfe1 Rc7 24. Nb3 Bf8 25. b5 axb5 26. axb5 Qb4
27. Qxb4 Bxb4 28. Red1 Ba3 29. Ra1 Bb4 30. Rdc1 Rec8 31. b6 Re7 32. Ra4
Bd6 33. Nc5 Rce8 34. Nf3 f6 35. Ra7 Bxc5 36. dxc5 Kf7 37. Nd4 Bc8 38. Rca1
f5 39. Ra8 Kf6 40. Rb8 Be6 41. Raa8 Rxb8 42. Rxb8 Bf7 43. Rc8 Be8 44. Kf1
Bd7 45. Rb8 Be8 46. Nb3 f4 47. exf4 gxf4 48. Na5 Bg6 49. Rxb7 Bd3+ 50. Kg1
Re1+ 51. Kh2 Rc1 52. Rc7 Rxc5 53. b7 Rb5 54. Nxc6
{Black resigns} 1-0

[Event "FICS Team League T30"]
[Site "FICS, San Jose, California USA"]
[Date "2006.05.13"]
[Time "12:20:33"]
[Round "5"]
[White "LLIAMAH"]
[Black "purplepawns"]
[WhiteElo "1761"]
[BlackElo "1778"]
[TimeControl "2700+45"]
[Mode "ICS"]
[Result "1-0"]

1. e4 e5 2. Nf3 Nc6 3. d4 exd4 4. Nxd4 Qf6 5. Be3 Nh6 6. Be2 Bc5 7. c3 Ne5
8. O-O a6 9. Nd2 b5 10. f4 Ng6 11. e5 Qb6 12. N2b3 Nf5 13. Qd2 Nxe3 14. Qxe3
Ne7 15. f5 d6 16. f6 gxf6 17. exf6 Be6 18. fxe7 Bxb3 19. axb3 b4 20. Bc4
{Black resigns} 1-0

[Event "FICS Team League T30"]
[Site "FICS, San Jose, California USA"]
[Date "2006.05.14"]
[Time "06:57:27"]
[Round "5"]
[White "Wizeman"]
[Black "Benkology"]
[WhiteElo "2250"]
[BlackElo "2135"]
[TimeControl "2700+45"]
[Mode "ICS"]
[Result "1/2-1/2"]

1. e4 e6 2. d4 d5 3. e5 c5 4. c3 Qb6 5. Nf3 Bd7 6. b3 cxd4 7. Nxd4 Nc6 8. Nxc6
Bxc6 9. Be3 Bc5 10. Bxc5 Qxc5 11. Qg4 Ne7 12. b4 Qb6 13. Bd3 Qc7 14. Qxg7
Rg8 15. Qf6 d4 16. Qf4 Bxg2 17. Rg1 dxc3 18. Na3 Nd5 19. Qd4 O-O-O 20. Nb5
Nb6 21. Nd6+ Kb8 22. Rc1 Na4 23. Bxh7 Rg5 24. f4 Rg4 25. Bc2 Nb2 26. Bb1
Na4 27. Be4
{Game drawn by mutual agreement} 1/2-1/2

[Event "FICS Team League T30"]
[Site "FICS, San Jose, California USA"]
[Date "2006.05.14"]
[Time "08:26:13"]
[Round "5"]
[White "mandragora"]
[Black "Doubleletter"]
[WhiteElo "1878"]
[BlackElo "1852"]
[TimeControl "2700+45"]
[Mode "ICS"]
[Result "1/2-1/2"]

1. e4 Nc6 2. Nf3 e5 3. Bb5 a6 4. Ba4 Bc5 5. c3 b5 6. Bb3 Nf6 7. d3 h6 8. O-O
O-O 9. h3 d5 10. exd5 Nxd5 11. Nxe5 Nxe5 12. d4 Bb6 13. dxe5 Bb7 14. c4
Nb4 15. Qxd8 Raxd8 16. cxb5 Nd3 17. Nc3 Nxe5 18. bxa6 Bxa6 19. Rd1 Nd3 20. Be3
Bxe3 21. fxe3 Nxb2 22. Rxd8 Rxd8 23. Nd5 Rd7 24. Rc1 c6 25. Rxc6 Bb7 26. Rc7
Rxc7 27. Nxc7 Nd3 28. Bd5 Bc8 29. Bc4 Nb2 30. Bb3 Nd3 31. Ne8 Ba6 32. Nd6
Ne5 33. a4 Kf8 34. Kf2 f6 35. e4 Nd3+ 36. Ke3 Nc5 37. Bc2 Ne6 38. Bd3 Bxd3
39. Kxd3 Nc5+ 40. Kd4 Nxa4 41. e5 fxe5+ 42. Kxe5 Nc5 43. Kf5 Nd3 44. g4
Kg8 45. h4 Kh7 46. Nf7 g6+ 47. Kf6 Nf2 48. Ne5 Ne4+ 49. Kf7 Nd6+ 50. Ke6
Ne4
{Game drawn by mutual agreement} 1/2-1/2

[Event "FICS Team League T30"]
[Site "FICS, San Jose, California USA"]
[Date "2006.05.13"]
[Time "22:07:21"]
[Round "5"]
[White "Darmik"]
[Black "deionsandersson"]
[WhiteElo "2191"]
[BlackElo "1908"]
[TimeControl "2700+45"]
[Mode "ICS"]
[Result "1-0"]

1. d4 Nf6 2. c4 g6 3. Nc3 Bg7 4. e4 d6 5. f3 O-O 6. Be3 Nbd7 7. Qd2 c5 8. Nge2
cxd4 9. Nxd4 Ne5 10. Rc1 Bd7 11. Be2 a6 12. O-O Rc8 13. b3 Qa5 14. Rfd1
Rfd8 15. h3 h5 16. Bf1 Nc6 17. Qf2 Re8 18. Nxc6 Bxc6 19. Bb6 Qa3 20. Bd4
Bh6 21. Rc2 Nd7 22. f4 Nc5 23. Re1 Ne6 24. Be3 Nc5 25. f5 Bg7 26. Bd4 e5
27. fxe6 Rxe6 28. Bxg7 Kxg7 29. Qd4+ Kg8 30. e5 Rce8 31. Rce2 dxe5 32. Rxe5
Rxe5 33. Rxe5 Rxe5 34. Qxe5 Qb2 35. Qe3 Ne6 36. Nd5 Bxd5 37. cxd5 Qd4 38. Kf2
Qxd5 39. Bc4 Qd4 40. Qxd4 Nxd4 41. Ke3 Ne6 42. Bd5 b6 43. b4 Kf8 44. a4
Ke7 45. a5 bxa5 46. bxa5 Kd6 47. Bc4 Kc5 48. Bxa6 Kb4 49. Bc8 Nd8 50. a6
Nc6 51. Bb7 Na7 52. Kf4 Kc5 53. Ke5 h4 54. Kf6 Kd6 55. Kxf7 Ke5 56. Kxg6
Kf4 57. Kh5 Kg3 58. Kg5 Nb5 59. Kf5 Kf2 60. Kg4
{Black resigns} 1-0

[Event "FICS Team League T30"]
[Site "FICS, San Jose, California USA"]
[Date "2006.05.13"]
[Time "12:56:48"]
[Round "5"]
[White "zota"]
[Black "crazyblue"]
[WhiteElo "1875"]
[BlackElo "2004"]
[TimeControl "2700+45"]
[Mode "ICS"]
[Result "0-1"]

1. e4 e6 2. d4 d5 3. exd5 exd5 4. c4 Be6 5. Nc3 Nf6 6. Nf3 Be7 7. Qb3 dxc4
8. Bxc4 Bxc4 9. Qxc4 c6 10. O-O O-O 11. Bf4 Nbd7 12. Rfe1 Nb6 13. Qb3 Bd6
14. Be5 Bxe5 15. dxe5 Nfd5 16. Ne4 Qe7 17. a3 h6 18. Rac1 Rad8 19. Nc5 Nf4
20. e6 Nxe6 21. Nxe6 fxe6 22. Rxe6 Qf7 23. Rce1 Rde8 24. Qe3 Nc4 25. Qe2
Rxe6 26. Qxe6 Qxe6 27. Rxe6 Nxb2 28. Ne5 Rd8 29. f4 Nd3 30. Re7 Nc5 31. g4
a6 32. Kg2 b5 33. f5 Nd3 34. Ng6 c5 35. Re6 b4 36. axb4 Nxb4 37. h4 a5 38. g5
hxg5 39. hxg5 a4 40. Ne7+ Kf7 41. g6+ Kf8 42. Nc6 Nxc6 43. Rxc6 a3 44. Rxc5
Ra8 45. Rc1 a2 46. Ra1 Ra3 47. Kf2 Ke7 48. Ke2 Kf6 49. Kd2 Kxf5 50. Kc2
Kxg6 51. Kb2 Ra8 52. Rg1+ Kf7 53. Rf1+ Kg8 54. Rg1 a1=Q+ 55. Rxa1 Rxa1 56. Kxa1
g5 57. Kb1 g4
{White resigns} 0-1

[Event "FICS Team League T30"]
[Site "FICS, San Jose, California USA"]
[Date "2006.05.14"]
[Time "12:32:12"]
[Round "5"]
[White "gracey"]
[Black "baaa"]
[WhiteElo "2037"]
[BlackElo "2093"]
[TimeControl "2700+45"]
[Mode "ICS"]
[Result "1-0"]

1. e4 e6 2. d4 d5 3. Nd2 Nf6 4. Bd3 c5 5. e5 Nfd7 6. c3 Nc6 7. Ne2 cxd4
8. cxd4 f6 9. exf6 Nxf6 10. O-O Bd6 11. Nf3 O-O 12. Bf4 Bxf4 13. Nxf4 Ne4
14. Qc1 Ng5 15. Nxg5 Qxg5 16. Bxh7+ Kxh7 17. Nxe6 Qxc1 18. Nxf8+ Kg8 19. Raxc1
Kxf8 20. Rcd1 Bf5 21. Rfe1 Kf7 22. Re3 Kf6 23. h3 g6 24. Kh2 Rc8 25. Rf3
Ke6 26. Rb3 Rc7 27. Re3+ Kd6 28. Kg3 Nb4 29. a3 Nc6 30. Re8 Na5 31. Rd8+
Rd7 32. Ra8 a6 33. Re8 Nc4 34. Re2 Rf7 35. a4 Bd7 36. b3 Na5 37. Re3 Nc6
38. f3 Ne7 39. Ree1 Nf5+ 40. Kf2 Ng7 41. Rd2 Ne6 42. h4 Rf4 43. g3 Rf8 44. Rdd1
Rc8 45. f4 Ng7 46. Rc1 Rf8 47. Rc3 Nf5 48. Rd3 Nh6 49. Rdd1 Ng4+ 50. Kf3
Nf6 51. Rc1 Bg4+ 52. Kg2 Ne4 53. b4 Bd7 54. a5 Bg4 55. Rc2 Rf7 56. Rb1 Bd7
57. Rf1 Bb5 58. Re1 Bd3 59. Rc8 Nd2 60. Ree8 Be4+ 61. Kf2 Bf5 62. Red8+
Ke6 63. Rh8 Nb3 64. Rce8+ Kd6 65. Ke3 Rc7 66. Rd8+ Ke6 67. Rhe8+ Kf7 68. Rb8
Rc3+ 69. Kf2 Nxd4 70. Rf8+ Kg7 71. Rfd8 Be4 72. Rxb7+ Kf6 73. Rf8+ Ke6 74. g4
Rf3+ 75. Ke1 Rg3 76. Ra8 Rg1+ 77. Kf2 Rg2+ 78. Kf1 Nc6 79. Re8+ Kf6 80. g5+
Kf5 81. Rxe4 Rg4 82. Re2 Rxh4 83. Rf7+ Kg4 84. f5 Nd4 85. Rg2+ Kf3 86. fxg6+
Ke3 87. g7 Nf3 88. Re2+ Kd4 89. Rxf3
{Black resigns} 1-0

[Event "FICS Team League T30"]
[Site "FICS, San Jose, California USA"]
[Date "2006.05.14"]
[Time "11:09:17"]
[Round "5"]
[White "atilano"]
[Black "RomaLavrn"]
[WhiteElo "1975"]
[BlackElo "1892"]
[TimeControl "2700+45"]
[Mode "ICS"]
[Result "1-0"]

1. e4 d5 2. exd5 Nf6 3. d4 Bg4 4. f3 Bf5 5. Bb5+ Bd7 6. Bxd7+ Qxd7 7. c4
c6 8. dxc6 Nxc6 9. d5 Ne5 10. Qd4 Ng6 11. Ne2 e5 12. Qf2 Bd6 13. Nbc3 O-O
14. Be3 a6 15. O-O Rac8 16. c5 Bb8 17. Rfd1 Rfe8 18. Ne4 Nxd5 19. N2c3 Nge7
20. Nxd5 Nxd5 21. Nc3 Qe6 22. Rxd5 e4 23. fxe4 Rc6 24. Rad1 Bc7 25. Qf5
Qc8
{Black resigns} 1-0

[Event "FICS Team League T30"]
[Site "FICS, San Jose, California USA"]
[Date "2006.05.14"]
[Time "10:54:25"]
[Round "5"]
[White "hugozver"]
[Black "BlkSabb"]
[WhiteElo "1892"]
[BlackElo "1705"]
[TimeControl "2700+45"]
[Mode "ICS"]
[Result "1-0"]

1. e4 d5 2. exd5 Qxd5 3. Nc3 Qd6 4. Nf3 Nf6 5. d4 a6 6. Bc4 b5 7. Bb3 Bb7
8. O-O e6 9. Re1 Nbd7 10. Ng5 Be7 11. Nxe6 fxe6 12. Rxe6 Qb4 13. a3 Qa5
14. Qe2 O-O-O 15. Rxe7 b4 16. Na4 Rhe8 17. Bd2 Rxe7 18. Qxe7 Qh5 19. Qxb4
Qg4 20. d5 Qg6 21. c4 Ne4 22. Bc2 Ne5 23. Bxe4 Qxe4 24. Nc5
{Black resigns} 1-0

[Event "FICS Team League T30"]
[Site "FICS, San Jose, California USA"]
[Date "2006.05.14"]
[Time "09:03:41"]
[Round "5"]
[White "TGV"]
[Black "Vzevolodovitch"]
[WhiteElo "1742"]
[BlackElo "1714"]
[TimeControl "2700+45"]
[Mode "ICS"]
[Result "1-0"]

1. d4 f5 2. c4 Nf6 3. Nc3 e6 4. Nf3 Be7 5. e3 Ne4 6. Ne5 O-O 7. Bd3 Nxc3
8. bxc3 d6 9. Nf3 c5 10. O-O Nd7 11. Qc2 Nf6 12. d5 exd5 13. Bxf5 dxc4 14. Ng5
Bxf5 15. Qxf5 Qd7 16. Qc2 d5 17. Rd1 Qc6 18. f3 h6 19. Nh3 Nh5 20. Qe2 Rf5
21. g4 Qg6 22. Kh1 Rf7 23. gxh5 Qf5 24. Nf4 Rd8 25. a4 a5 26. Ra2 Bg5 27. e4
dxe4 28. Rxd8+ Bxd8 29. fxe4 Qf6 30. e5 Qc6+ 31. Kg1 Bg5 32. Qxc4 Qf3 33. Rf2
Qd1+ 34. Rf1 Qg4+ 35. Kh1 Be7 36. Qe4 b6 37. Rg1 Qh4 38. Qa8+ Kh7 39. Ng6
Rf8 40. Nxf8+ Bxf8 41. Qf3 Qxa4 42. Qf5+ Kg8 43. e6 Qe8 44. Bxh6 a4 45. Bxg7
Qc6+ 46. Rg2 Bxg7 47. Qf7+
{Black resigns} 1-0

[Event "FICS Team League T30"]
[Site "FICS, San Jose, California USA"]
[Date "2006.05.13"]
[Time "12:22:20"]
[Round "5"]
[White "sixkiller"]
[Black "CelticDeath"]
[WhiteElo "1704"]
[BlackElo "1755"]
[TimeControl "2700+45"]
[Mode "ICS"]
[Result "0-1"]

1. e4 d5 2. exd5 Nf6 3. d4 Bg4 4. Bb5+ Bd7 5. Bc4 Bg4 6. Bb5+ Bd7 7. Bc4 Bg4 8. Qd3 Nxd5 9. Qb3 e6 10. Qxb7 Nb4 11. Qb5+ c6 12. Qa4 Qxd4 13. Be2 Nd3+ {White resigns} 0-1

[Event "FICS Team League T30"]
[Site "FICS, San Jose, California USA"]
[Date "2006.05.12"]
[Time "15:15:12"]
[Round "5"]
[White "deionsandersson"]
[Black "Nemisis"]
[WhiteElo "1899"]
[BlackElo "1939"]
[TimeControl "2700+45"]
[Mode "ICS"]
[Result "1-0"]

1. e4 c5 2. Nf3 d6 3. Nc3 Nc6 4. d4 cxd4 5. Nxd4 Qb6 6. Nb3 e6 7. Be3 Qd8
8. Qd2 Nf6 9. f3 Be7 10. O-O-O O-O 11. h4 Nd7 12. g4 Nde5 13. Be2 Na5 14. Nxa5
Qxa5 15. f4 Nc6 16. g5 f5 17. exf5 exf5 18. Bc4+ Kh8 19. Nd5 Qxd2+ 20. Rxd2
Bd8 21. Rhd1 Be6 22. Bb3 Na5 23. h5 Nxb3+ 24. axb3 Rc8 25. h6 g6 26. Kb1
b6 27. Bd4+ Kg8 28. Nf6+ Bxf6 29. Bxf6 d5 30. Rxd5 Bxd5 31. Rxd5 Rf7 32. c3
Re8 33. b4 Rb7 34. b5 Kf7 35. Kc2 Rc8 36. b4 Rcc7 37. Rd8 Rd7 38. Rh8 Ke6
39. c4 Rbc7 40. Kc3 a6 41. bxa6 b5 42. c5 Ra7 43. Re8+ Kf7 44. Rh8 Ke6 45. Re8+
Kf7 46. Rb8 Rxa6 47. Rxb5 Ke6 48. Rb8 Ra3+ 49. Kc4 Rf3 50. Be5 Rf1 51. c6
Rd2 52. Kc5 Rc2+ 53. Kb6 Rb1 54. b5 Rcb2
{Black resigns} 1-0

[Event "FICS Team League T30"]
[Site "FICS, San Jose, California USA"]
[Date "2006.05.13"]
[Time "00:52:56"]
[Round "5"]
[White "scandium"]
[Black "Litovec"]
[WhiteElo "1733"]
[BlackElo "1739"]
[TimeControl "2700+45"]
[Mode "ICS"]
[Result "1-0"]
 
1. d4 f5 2. e4 fxe4 3. f3 Nf6 4. Nc3 exf3 5. Nxf3 d5 6. Bd3 Bg4 7. Bf4 Nc6
8. Nb5 e5 9. dxe5 Nh5 10. Qd2 a6 11. Nbd4 Bc5 12. Nxc6 bxc6 13. Bg5 Qd7
14. Qc3 Bb6 15. O-O-O O-O 16. h3 Bxf3 17. gxf3 d4 18. Bc4+ Kh8 19. Qd3 Nf4
20. Qe4 Qf5 21. Qxf5 Rxf5 22. h4 Ng6 23. Rdf1 Nxe5 24. Be2 Raf8 25. f4 Ng6
26. Bd3 Ra5 27. h5 Rxa2 28. hxg6 Ra1+ 29. Kd2 Ba5+ 30. Ke2 Re8+ 31. Kf2
Rxf1+ 32. Rxf1 hxg6 33. Bxg6 Re6 34. Bf7
{Black resigns} 1-0

[Event "FICS Team League T30"]
[Site "FICS, San Jose, California USA"]
[Date "2006.05.13"]
[Time "12:08:09"]
[Round "5"]
[White "spendius"]
[Black "vibi"]
[WhiteElo "1669"]
[BlackElo "1666"]
[TimeControl "2700+45"]
[Mode "ICS"]
[Result "1-0"]

1. c4 e5 2. Nc3 Nf6 3. Nf3 Nc6 4. g3 Bb4 5. Bg2 d6 6. O-O Be6 7. d3 h6 8. Qc2
Qd7 9. a3 Bxc3 10. Qxc3 Bh3 11. b4 Bxg2 12. Kxg2 a6 13. Bb2 b5 14. e3 O-O
15. cxb5 axb5 16. Rac1 Ne7 17. Qxc7 Rfc8 18. Qxd7 Nxd7 19. e4 Nb6 20. Rfe1
f6 21. Rxc8+ Rxc8 22. Rc1 Rxc1 23. Bxc1 Kf7 24. Be3 Na4 25. Nd2 Ke6 26. Nb3
Kd7 27. Kf3 Nb2 28. Ke2 Ke6 29. Bc1 Na4 30. f4 Kf7 31. fxe5 fxe5 32. Ke3
Kg6 33. Na5 Kh5 34. h3 Kg6 35. Nb7 Nc8 36. d4 Kf7 37. dxe5 dxe5 38. Nd8+
Ke7 39. Nb7 Na7 40. Kd3 Nc6 41. Be3 Kf6 42. Nd6 Nb2+ 43. Ke2 Nd4+ 44. Bxd4
exd4 45. Nxb5 Ke5 46. Kf3 g6 47. Nc7 g5 48. b5 Na4 49. Nd5 Nc5 50. b6 d3
51. Ke3 d2 52. Nc3 d1=Q 53. Nxd1 Nb7 54. Nc3 h5 55. Nd5 Nc5 56. Nb4 Nb7
57. Nd3+ Ke6 58. Kd4 g4 59. hxg4 hxg4 60. Nf2 Kd6 61. Nxg4 Kc6 62. Ke5 Kxb6
63. Kf6 Kc6 64. e5 Kd7 65. e6+ Ke8 66. Ne5 Nc5 67. g4 Ne4+ 68. Kf5 Nd6+
69. Kf6 Ne4+ 70. Kg7 Ke7 71. Nf3 Kxe6 72. g5 Kf5 73. g6 Ng5 74. Nxg5 Kxg5
{Black resigns} 1-0

[Event "FICS Team League T30"]
[Site "FICS, San Jose, California USA"]
[Date "2006.05.11"]
[Time "13:01:10"]
[Round "5"]
[White "MStav"]
[Black "seberg"]
[WhiteElo "1729"]
[BlackElo "1715"]
[TimeControl "2700+45"]
[Mode "ICS"]
[Result "0-1"]

1. d4 g6 2. c4 Nf6 3. Nc3 d5 4. Nf3 Bg7 5. Qb3 dxc4 6. Qxc4 Be6 7. Qd3 Nc6
8. e3 Nd5 9. a3 Bg4 10. Be2 e5 11. O-O exd4 12. Qe4+ Be6 13. exd4 O-O 14. Bg5
Qd7 15. Rfd1 Rad8 16. Bxd8 Rxd8 17. Bb5 a6 18. Bxc6 Qxc6 19. Rac1 Bf5 20. Qh4
Re8 21. Nxd5 Qxd5 22. Rxc7 Re4 23. Qg3 Rg4 24. Rc5 Qb3 25. Qb8+ Bf8 26. Rdc1
Qxf3 27. g3 Be4 28. Kf1 Qh1+ 29. Ke2 Qf3+ 30. Kf1 Bc6 31. R5c3 Qh1+ 32. Ke2
Bb5+ 33. Kd2 Rxd4+ 34. Kc2 Qe4+ 35. Kb3 Qd5+ 36. Kc2 Qf5+ 37. Kb3 Qe6+ 38. Kc2
Rc4 39. Kb1 Rxc3 40. Rxc3 Qe1+ 41. Ka2 Bc6 42. Qf4 Bd5+ 43. Rc4 Bxc4+ 44. Qxc4
Qe6 45. Kb3 Qxc4+ 46. Kxc4 f5 47. a4 Kf7 48. b4 Ke6 49. b5 axb5+ 50. Kxb5
Kd7 51. a5 Kc7 52. a6 bxa6+ 53. Kxa6 Kd6 54. Kb5 Kd5 55. Ka4 Bc5 56. Kb3
Bxf2 57. Kc2 Bg1 58. h3 Ke4 59. Kd1 Bh2 60. g4 fxg4 61. hxg4 Kf4 62. Ke2
Kxg4
{White resigns} 0-1

[Event "FICS Team League T30"]
[Site "FICS, San Jose, California USA"]
[Date "2006.05.12"]
[Time "08:03:30"]
[Round "5"]
[White "zcomcon"]
[Black "bahus"]
[WhiteElo "1710"]
[BlackElo "1817"]
[TimeControl "2700+45"]
[Mode "ICS"]
[Result "0-1"]

1. e4 e5 2. Nf3 Nf6 3. Nxe5 d6 4. Nxf7 Kxf7 5. d4 c5 6. dxc5 Qa5+ 7. c3
Qxc5 8. Be3 Qc6 9. f3 Be7 10. Nd2 Be6 11. Bd3 Rd8 12. O-O Nbd7 13. Qe2 Rac8
14. Bb5 Qc7 15. Rfd1 a6 16. Ba4 Nc5 17. Bc2 b5 18. Bf4 Qc6 19. Nf1 Kg8 20. Qf2
Ncd7 21. Ng3 Ne5 22. Ne2 Nc4 23. Bb3 d5 24. Nd4 Bc5 25. Be3 Bxd4 26. Bxc4
Bxe3 27. Qxe3 dxc4 28. Re1 Qc5 29. Kf2 Rd2+ 30. Re2 Qxe3+ 31. Kxe3 Rxe2+
32. Kxe2 Rd8
{White resigns} 0-1

[Event "FICS Team League T30"]
[Site "FICS, San Jose, California USA"]
[Date "2006.05.14"]
[Time "07:04:58"]
[Round "5"]
[White "LLIAMAH"]
[Black "GadsHill"]
[WhiteElo "1769"]
[BlackElo "1669"]
[TimeControl "2700+45"]
[Mode "ICS"]
[Result "1-0"]

1. e4 d6 2. Nf3 Nf6 3. Nc3 Nbd7 4. Be2 e5 5. O-O Be7 6. d4 O-O 7. dxe5 dxe5
8. Nh4 Nxe4 9. Nf5 Nxc3 10. Nxe7+ Qxe7 11. bxc3 Nf6 12. a4 Rd8 13. Qe1 Bf5
14. Ra2 Rd7 15. Ba3 Qe6 16. c4 Rad8 17. Bb4 b6 18. a5 c5 19. Ba3 Ne4 20. axb6
axb6 21. Bc1 Nd2 22. Bxd2 Rxd2 23. Bd3 Bxd3 24. Qxd2 Bxf1 25. Qxd8+
{Black resigns} 1-0

[Event "FICS Team League T30"]
[Site "FICS, San Jose, California USA"]
[Date "2006.05.13"]
[Time "07:02:15"]
[Round "5"]
[White "Cadger"]
[Black "ymy"]
[WhiteElo "1805"]
[BlackElo "1836"]
[TimeControl "2700+45"]
[Mode "ICS"]
[Result "1-0"]

1. d4 Nf6 2. Nf3 g6 3. c4 Bg7 4. Nc3 O-O 5. e4 d6 6. Be2 e5 7. d5 a5 8. O-O
Na6 9. a3 Nc5 10. Qc2 a4 11. Nd2 Ng4 12. b4 axb3 13. Nxb3 b6 14. Nxc5 bxc5
15. a4 f5 16. f3 Nf6 17. g3 Nh5 18. Ra2 fxe4 19. fxe4 Bh3 20. Rxf8+ Qxf8
21. Nb5 Qf7 22. Qd1 Rf8 23. Qe1 Nf6 24. Nc3 Ng4 25. a5 Bh6 26. Bxh6 Nxh6
27. a6 Ra8 28. Qf2 Qd7 29. Qf6 Rf8 30. Qxf8+ Kxf8 31. a7 Ng4 32. a8=Q+ Kg7
33. Bxg4 Qxg4 34. Rf2 Kh6 35. Qf8+ Kh5 36. Qf7 Kh6 37. Qf8+ Kh5 38. Qf3
{Black resigns} 1-0

[Event "FICS Team League T30"]
[Site "FICS, San Jose, California USA"]
[Date "2006.05.12"]
[Time "17:54:22"]
[Round "5"]
[White "TryAnything"]
[Black "threeNT"]
[WhiteElo "1665"]
[BlackElo "1709"]
[TimeControl "2700+45"]
[Mode "ICS"]
[Result "0-1"]

1. d4 Nf6 2. c4 e6 3. Nf3 b6 4. g3 Ba6 5. b3 Bb4+ 6. Bd2 Bxd2+ 7. Nbxd2
Bb7 8. Bg2 c5 9. O-O O-O 10. Re1 cxd4 11. Nxd4 Bxg2 12. Kxg2 Nc6 13. N2f3
Qe7 14. a3 Rfd8 15. Qc2 Nxd4 16. Nxd4 Rac8 17. e4 d5 18. e5 Nd7 19. Nb5
a6 20. Nd6 Rc7 21. a4 Nxe5 22. Rxe5 Qxd6 23. Rae1 Qb4 24. Qd3 d4 25. R1e4
Rcd7 26. Rh4 g6 27. Ree4 Qc3 28. Qxc3 dxc3 29. Re1 Rd1 30. Rxd1
{White resigns} 0-1

[Event "FICS Team League T30"]
[Site "freechess.org"]
[Date "2006.05.14"]
[Round "5"]
[White "ccucina"]
[Black "twotowers"]
[Result "1/2-1/2"]
[WhiteElo "1683"]
[BlackElo "1683"]
[ECO "B00"]
[TimeControl "2700+45"]

1. e4 d6 2. Nf3 Nf6 3. Nc3 g6 4. d4 Bg7 5. e5 Nfd7 6. Bf4 dxe5 7. dxe5 O-O 8. 
Nd5 c6 9. Ne3 Qa5+ 10. c3 Nxe5 11. Nxe5 Bxe5 12. Nc4 Bxc3+ 13. bxc3 Qxc3+ 14. 
Bd2 Qf6 15. Qc1 Bf5 16. Bc3 Qe6+ 17. Ne3 Rd8 18. Bc4 Qd7 19. Nxf5 Qxf5 20. 
O-O b5 21. Bb3 c5 22. Qh6 e5 23. f4 c4 24. fxe5 Qe6 25. Bc2 b4 26. Bxb4 Qb6+ 
27. Kh1 Qxb4 28. Be4 Nd7 29. Bxa8 Rxa8 30. Qf4 Rf8 31. Qd4 Nb6 32. a3 Qe7 33. 
a4 Rd8 34. Qf4 Nd5 35. Qxc4 Ne3 36. Qf4 Nxf1 37. Rxf1 Rd5 38. Re1 Qe6 39. h3 
f5 40. Qc4 Kf7 41. Rb1 Rd7 42. Qe2 h6 43. Kh2 g5 44. Qh5+ Kg7 45. Rb5 a6 46. 
Rc5 Re7 47. a5 Qg6 48. Qxg6+ Kxg6 49. Rc6+ Kh5 50. e6 f4 51. Rxa6 Kg6 52. g4 
Kf6 53. Rc6 Ra7 54. a6 Ke7 55. Rb6 Ra8 56. Kg2 Ra7 57. Kf3 Ra8 58. Ke4 Ke8 
59. h4 Ke7 60. hxg5 hxg5 61. Rb7+ Kxe6 62. a7 Kf6 63. Kf3 Ke5 64. Rf7 Ke6 65. 
Rb7 Ke5 66. Rb5+ Kf6 67. Rf5+ Kg6 68. Ra5 Kf6 69. Kf2 Ke6 70. Kf3 Kf6 71. 
Ra6+ Ke5 72. Rg6 Rxa7 73. Rxg5+ Kf6 74. Rf5+ Kg6 75. Rxf4 Rf7 76. Rxf7 Kxf7 
77. Kf4 Kf6 78. g5+ Kg6 79. Kg4 Kg7 80. Kf5 Kf7 81. g6+ Kg7 82. Kg5 Kg8 83. 
Kh6 Kh8 84. Kg5 Kg7 85. Kh5 Kg8 86. Kg5 Kg7 87. Kf5 Kg8 88. Kf6 Kf8 89. Ke5 
Kg7 90. Kf5 Kg8 91. Kf6 Kf8 {Game drawn by mutual agreement} 1/2-1/2

[Event "FICS Team League T30"]
[Site "FICS, San Jose, California USA"]
[Date "2006.05.12"]
[Time "12:00:07"]
[Round "5"]
[White "OldFlyer"]
[Black "Armunn"]
[WhiteElo "1507"]
[BlackElo "1606"]
[TimeControl "2700+45"]
[Mode "ICS"]
[Result "0-1"]

1. d4 d5 2. e4 dxe4 3. Nc3 Nf6 4. f3 exf3 5. Nxf3 e6 6. Bd3 Nc6 7. Bb5 Bb4
8. Bd2 O-O 9. Bxc6 bxc6 10. O-O Rb8 11. a3 Ba5 12. b4 Bb6 13. Ne2 Ba6 14. c3
Re8 15. Bg5 h6 16. Bxf6 Qxf6 17. Ne5 Qg5 18. Nxc6 Bb7 19. b5 a6 20. a4 Ra8
21. Ng3 axb5 22. axb5 Rxa1 23. Qxa1 Qxb5 24. Ne5 Qxe5 25. Kh1 Qd5 26. Qb2
e5 27. Re1 e4 28. Nf1 Re6 29. Ne3 Qg5 30. Qb3 h5 31. Qc4 h4 32. h3 Rg6 33. Ng4
Bc8 34. Ne3 Qg3 35. Qe2 c6 36. Nf1 Qxc3 37. Qxe4 Re6 38. Qxh4 Qxe1 39. Qxe1
Rxe1
{White resigns} 0-1

[Event "FICS Team League T30"]
[Site "FICS, San Jose, California USA"]
[Date "2006.05.13"]
[Time "10:31:42"]
[Round "5"]
[White "Eshin"]
[Black "ahorse"]
[WhiteElo "1593"]
[BlackElo "1576"]
[TimeControl "2700+45"]
[Mode "ICS"]
[Result "1-0"]

1. e4 c6 2. d4 d5 3. e5 Bf5 4. Bd3 Bxd3 5. Qxd3 e6 6. Nf3 c5 7. c3 Nc6 8. Be3
cxd4 9. cxd4 Qb6 10. Nc3 Na5 11. b3 Rc8 12. O-O Ne7 13. Na4 Qd8 14. Bd2
Nec6 15. Rac1 Bb4 16. Bxb4 Nxb4 17. Qb5+ Nac6 18. a3 a6 19. Qe2 b5 20. Nc5
Nxd4 21. Nxd4 Nc6 22. Nxc6 Rxc6 23. Nxa6
{Black resigns} 1-0

[Event "FICS Team League T30"]
[Site "FICS, San Jose, California USA"]
[Date "2006.05.14"]
[Time "14:10:23"]
[Round "5"]
[White "dianabutterfly"]
[Black "NovoLook"]
[WhiteElo "1477"]
[BlackElo "1453"]
[TimeControl "2700+45"]
[Mode "ICS"]
[Result "0-1"]

1. e4 c5 2. Bc4 d6 3. Nc3 Nf6 4. a3 Nc6 5. Nf3 Bg4 6. O-O a6 7. Re1 Nd4
8. Nd5 e6 9. h3 Nxf3+ 10. gxf3 Bxh3 11. Nf4 d5 12. Nxh3 dxc4 13. e5 Nd5
14. Re4 b5 15. d3 c3 16. b3 h6 17. f4 Be7 18. Qg4 Kd7 19. f5 Qc8 20. Nf4
Nxf4 21. Bxf4 Kc6 22. Qf3 Kb6 23. Be3 exf5 24. Rf4 g6 25. b4 Qc6 26. Qxc6+
Kxc6 27. bxc5 Bxc5 28. Bxc5 Kxc5 29. Rb1 Kd5 30. d4 a5 31. Rxb5+ Ke6 32. Rc5
Rhc8 33. Rf3 Rxc5 34. dxc5 Kxe5 35. Rxc3 Kd5 36. c6 Rc8 37. c7 Kd6 38. f4
Rxc7 39. Rxc7 Kxc7 40. Kf2 g5 41. fxg5 hxg5 42. Ke3 Kd6 43. Kd4 f4 44. c4
f3 45. c5+ Kc6 46. Ke3 g4 47. Kf2 Kxc5 48. Kg3 Kc4 49. Kf2 Kb3 50. a4 Kxa4
51. Kg3 Kb4 52. Kf2 a4 53. Kg3 a3 54. Kf2 a2 55. Kg3 a1=Q 56. Kf2 Qe5 57. Kg1
Qe2 58. Kh1 Qg2#
{White checkmated} 0-1